 Dungeon Crawl Stone Soup version 0.20-a0-9-g62d82d9 (webtiles) character file.

1075 dobroeutro the Cudgeler (level 8, -3/51 HPs)
             Began as a Gargoyle Fighter on Nov 1, 2016.
             Was an Initiate of Okawaru.
             Slain by an orc warrior
             ... wielding a +0 trident
              (13 damage)
             ... on level 5 of the Dungeon.
             The game lasted 00:07:33 (4922 turns).

dobroeutro the Cudgeler (Gargoyle Fighter)          Turns: 4922, Time: 00:07:34

Health: -3/51      AC: 15    Str: 27    XL:     8   Next: 29%
Magic:  8/8        EV:  9    Int: 10    God:    Okawaru [......]
Gold:   302        SH: 10    Dex: 10    Spells: 0 memorised, 7 levels left

rFire  . . .     SeeInvis .     F - +2 flail (holy)
rCold  . . .     Gourm    .     b - +0 scale mail
rNeg   + + .     Faith    .     c - +0 shield
rPois  ∞         Spirit   .     (no helmet)
rElec  +         Reflect  .     (no cloak)
rCorr  .         Harm     .     I - +2 pair of gloves
MR     .....                    (no boots)
Stlth  ..........               v - amulet of magic regeneration
                                y - ring of positive energy
                                k - +2 ring of strength

@: mighty
A: negative energy resistance 1, electricity resistance, unbreathing,
petrification resistance, rot immunity, AC +5
a: Renounce Religion


You were on level 5 of the Dungeon.
You worshipped Okawaru.
Okawaru was noncommittal.
You were not hungry.

You visited 1 branch of the dungeon, and saw 6 of its levels.

You collected 302 gold pieces.

Inventory:

Hand Weapons
 F - a +2 flail of holy wrath (weapon)
Armour
 b - a +0 scale mail (worn)
 c - a +0 shield (worn)
 H - a cursed -1 ring mail
 I - a +2 pair of gloves (worn)
Jewellery
 k - a +2 ring of strength (left hand)
 v - an amulet of magic regeneration (around neck)
 y - a ring of positive energy (right hand)
Wands
 s - a wand of random effects (29/48)
 x - a wand of enslavement (3/24)
 J - a wand of lightning (6/15)
Scrolls
 a - a scroll of random uselessness {unknown}
 g - a scroll of remove curse {unknown}
 o - a scroll of enchant armour {unknown}
 r - 2 scrolls of recharging {unknown}
 t - 6 scrolls of identify {unknown}
 u - a scroll of enchant weapon {unknown}
 B - a scroll of amnesia {unknown}
 C - a scroll of noise {unknown}
 E - a scroll of fear {unknown}
 G - a scroll of immolation {unknown}
Potions
 e - 3 potions of haste {unknown}
 i - a potion of invisibility {unknown}
 l - a potion of degeneration {unknown}
 m - 3 potions of cure mutation {unknown}
 n - 6 potions of curing
 q - 2 potions of brilliance {unknown}
 w - a potion of lignification {unknown}
 z - a potion of mutation {unknown}
 A - a potion of ambrosia {unknown}
Comestibles
 f - 2 bread rations
 h - 2 beef jerkies
 j - a royal jelly
 p - 5 meat rations
 D - 5 fruits


   Skills:
 + Level 5.7 Fighting
 + Level 6.4 Maces & Flails
 + Level 5.4 Armour
 + Level 3.1 Dodging
 - Level 3.2 Shields


You had 7 spell levels left.
You didn't know any spells.

Dungeon Overview and Level Annotations

Branches:
Dungeon (6/15)
 Temple: D:4-7

Altars:
Ashenzari
Elyvilon
Gozag
Kikubaaqudgha
Okawaru
Qazlal

Shops:
D:5 *


Innate Abilities, Weirdness & Mutations

You are resistant to torment.
Your stone body is resilient. (AC +5)
You are immune to poison.
You resist negative energy. (rN+)
You are resistant to electric shocks. (rElec)
You can survive without breathing.
You are immune to petrification.
You are immune to rotting.


Message History

The orc warrior hits you with a trident!
There is a stone staircase leading up here.
The orc priest looks satisfied for a moment.
You climb upwards.
There is a stone staircase leading down here.
You hit the orc warrior.
The orc warrior is lightly wounded.
The orc warrior hits you with a trident.
* * * LOW HITPOINT WARNING * * *
The orc warrior hits you with a trident.
* * * LOW HITPOINT WARNING * * *
You hit the orc warrior.
The orc warrior is lightly wounded.
The orc warrior barely misses you.
You feel very mighty all of a sudden.
You completely miss the orc warrior.
The orc warrior is lightly wounded.
You block the orc warrior's attack.
The orc warrior hits you with a trident!
You die...

############ #..........#
#.########.# #.# #.# #.# #.#
#.# ####.## #.# #.....#
###### ####.#####.##o.#
########.....
#..........##.@#
#.....5.o....
#.##.########..#
#.######.####
#.##...........# #.# #.# #
#.############.# #.# #.# #
#.# #.# #.######.# #
#.############.# #.....##.# #
#..............# ###>..##.# #
#.)##########..####........##
#.)<....# #...............#


You could see an orc warrior.

Vanquished Creatures
  Edmund (D:5)
  3 ice beasts
  A howler monkey (D:5)
  A crimson imp (D:5)
  5 orc priests
  An iguana (D:4)
  Ijyb (D:3)
  Terence (D:2)
  Jessica (D:2)
  3 worker ants
  2 orc wizards
  A hound skeleton (D:5)
  6 adders
  A howler monkey skeleton (D:4)
  A shadow imp (D:5)
  An ooze (D:4)
  An adder skeleton (D:5)
  4 worms
  2 leopard geckos
  17 orcs
  2 giant cockroaches
  4 goblins
  6 hobgoblins
  6 kobolds
  8 quokkas
  2 ball pythons
  3 bats
  A frilled lizard (D:5)
  A jackal skeleton (D:4)
  4 rats
91 creatures vanquished.

Vanquished Creatures (collateral kills)
  A hound (D:5)
  An orc wizard (D:6)
  An orc priest (D:6)
  2 orcs (D:6)
5 creatures vanquished.

Vanquished Creatures (others)
  A quokka (D:5)
1 creature vanquished.

Grand Total: 97 creatures vanquished

Notes
Turn   | Place    | Note
-------+----------+-------------------------------------------
     0 | D:1      | dobroeutro the Gargoyle Fighter began the quest for the Orb.
     0 | D:1      | Reached XP level 1. HP: 14/14 MP: 1/1
   264 | D:1      | Reached XP level 2. HP: 18/19 MP: 2/2
   477 | D:1      | Reached skill level 3 in Maces & Flails
   857 | D:2      | Noticed Jessica
   870 | D:2      | Killed Jessica
   870 | D:2      | Reached XP level 3. HP: 6/23 MP: 3/3
  1059 | D:2      | Reached skill level 4 in Maces & Flails
  1059 | D:2      | Reached XP level 4. HP: 20/28 MP: 4/4
  1090 | D:2      | Noticed Terence
  1157 | D:2      | Killed Terence
  1186 | D:2      | Found an ancient bone altar of Kikubaaqudgha.
  1615 | D:3      | Noticed Ijyb
  1627 | D:3      | Killed Ijyb
  1627 | D:3      | Reached skill level 5 in Maces & Flails
  1627 | D:3      | Reached XP level 5. HP: 25/32 MP: 5/5
  2478 | D:4      | Reached skill level 1 in Dodging
  2543 | D:4      | Reached XP level 6. HP: 20/38 MP: 6/6
  3003 | D:5      | Entered Level 5 of the Dungeon
  3084 | D:5      | Found Fatzosk's General Store.
  3132 | D:5      | Found an opulent altar of Gozag.
  3231 | D:5      | Found a white marble altar of Elyvilon.
  3262 | D:5      | Noticed an ice beast
  3270 | D:5      | Noticed Edmund
  3379 | D:4      | Killed an ice beast
  3379 | D:4      | Reached XP level 7. HP: 37/44 MP: 7/7
  3555 | D:5      | Found a stormy altar of Qazlal.
  3578 | D:5      | Killed Edmund
  3578 | D:5      | Reached skill level 6 in Maces & Flails
  3585 | D:5      | Found an iron altar of Okawaru.
  3652 | D:5      | Became a worshipper of Warmaster Okawaru
  3765 | D:5      | Reached skill level 5 in Fighting
  3765 | D:5      | Reached skill level 5 in Armour
  4025 | D:5      | Found a shattered altar of Ashenzari.
  4400 | D:6      | Reached XP level 8. HP: 46/49 MP: 8/8
  4922 | D:5      | Slain by an orc warrior

Vault maps used:
D:1:      dpeg_arrival_castle, serial_forest, infiniplex_forest_clump_double,
          infiniplex_forest_end_3, infiniplex_forest_lined_3,
          infiniplex_forest_clump_medium
D:2:      kiku_gazebo_pond_becter, uniq_jessica, uniq_terence
D:3:      uniq_iyjb
D:5:      elyvilon_altar_4, nicolae_overflow_hidden_temple,
          nicolae_overflow_crystal_walls, grunt_temple_overflow_open,
          serial_shops, shop, first_bread, uniq_edmund
D:6:      lemuel_doored_altar

Skill      XL: |  1  2  3  4  5  6  7  8 |
---------------+-------------------------+-----
Maces & Flails | 3 4 5 6 |  6.4
Dodging        | 1 2 3 |  3.1
Fighting       | 4 5 |  5.7
Armour         | 4 5 |  5.4
Shields        | |  3.2

Action                   |  1- 3 |  4- 6 |  7- 9 || total
-------------------------+-------+-------+-------++-------
Melee: Flail             |    36 |       |    72 ||   108
       Whip              |    32 |   282 |    47 ||   361
Evoke: Wand              |       |       |     2 ||     2
  Use: Potion            |       |       |     1 ||     1
  Eat: Chunk             |     1 |     7 |     2 ||    10
       Bread ration      |       |       |     1 ||     1
Armor: Scale mail        |    12 |    92 |    46 ||   150
Dodge: Dodged            |    13 |    58 |    31 ||   102
Block: Shield            |    33 |    95 |    44 ||   172
